 Dungeon Crawl Stone Soup version 0.30-a0-1066-g63dfefce0d (webtiles) character file.

Game seed: 7615521121307356714

14 hwolsky the Conjurer (level 2, -2/12 (25) HPs)
             Began as a Meteoran Reaver on Apr 12, 2023.
             Slain by a dart slug (3 damage)
             ... on level 1 of the Dungeon.
             The game lasted 00:01:32 (267 turns).

hwolsky the Conjurer (Meteoran Reaver)               Turns: 267, Time: 00:01:34

HP:   -2/12 (25)    AC:  3    Str: 13    XL:     2   Next: 82%
MP:   5/7           EV: 12    Int: 14    God:
Gold: 23            SH:  0    Dex: 12    Spells: 6/7 levels left

rFire   . . .      SeeInvis .    a - +0 falchion
rCold   . . .      Faith    .    (no shield)
rNeg    . . .      Spirit   .    b - +0 leather armour
rPois   .          Reflect  .    (no helmet)
rElec   .          Rampage  .    (no cloak)
rCorr   .                        (no gloves)
Will    .....                    (no boots)
Stlth   +                        (no amulet)
HPRegen 0.22/turn                (no ring)
MPRegen 0.10/turn                (no ring)

@: glowing, extremely drained
A: sense surroundings 1, otherworldly, glowing, explore regen
a: no special abilities


You were on level 1 of the Dungeon.
You visited 1 branch of the dungeon, and saw 1 of its levels.

You collected 23 gold pieces.

Inventory:

Hand Weapons
 a - a +0 falchion (weapon)
Missiles
 c - 2 poisoned darts
Armour
 b - a +0 leather armour (worn)
Potions
 d - 2 potions of curing {unknown}
 e - a potion of haste {unknown}


   Skills:
 + Level 2.4 Fighting
 + Level 3.8 Long Blades
 + Level 2.7 Dodging
 + Level 3.0 Spellcasting
 + Level 3.8 Conjurations


You had 6 spell levels left.
You knew the following spells:

 Your Spells              Type           Power      Damage    Failure   Level
a - Kiss of Death         Conj/Necr      28%        2d7       12%         1

Your spell library contained the following spells:

 Spells                   Type           Power      Damage    Failure   Level
 Momentum Strike          Conj/Tloc      14%        3d8       19%         2
 Summon Small Mammal      Summ           8%         N/A       26%         1
 Hailstorm                Conj/Ice       7%         3d4       36%         3
 Call Canine Familiar     Summ           2%         N/A       63%         3
 Summon Guardian Golem    Hex/Summ       2%         N/A       63%         3


Dungeon Overview and Level Annotations

Branches:
Dungeon (1/15) Zot: 326

Altars:


Innate Abilities, Weirdness & Mutations

You passively map a small area around you.
You are easily found by Zot.
You glow in the dark.
You regain HP and MP as you explore.


Message History

Things that are here:
a +0 club; a rat corpse
d - 2 smoky green potions (gained 1)
Things that are here:
a frilled lizard corpse; a frilled lizard corpse A kobold and a dart slug come into view.
The kobold shouts!
You hear a shout!
You see here 13 gold pieces.
You now have 23 gold pieces (gained 13).
The dart slug launches a dart at you. The slug dart hits you.
You barely miss the kobold. The kobold closely misses you.
You hit the kobold but do no damage. The kobold closely misses you.
You hit the kobold but do no damage.
The kobold hits you with a +0 short sword.
You hit the kobold.
You kill the kobold!
Your Spellcasting skill increases to level 3!
A gnoll comes into view. It is wielding a +0 flail.
The dart slug barely misses you.
You see here a +0 short sword.
You hit the dart slug but do no damage. The dart slug launches a dart at you.
The slug dart hits you.
You hit the dart slug.
The dart slug is severely wounded.
The dart slug bites you but does no damage.
You hit the dart slug.
The dart slug is almost dead.
The gnoll hits you with a +0 flail.
* * * LOW HITPOINT WARNING * * *
Casting: Kiss of Death (safe; 12% risk of failure)
Confirm with . or Enter, or press ? or * to list all spells.
Aiming: Kiss of Death (safe; 12% risk of failure)
Press: ? - help, Shift-Dir - straight line, f - gnoll
Aim: a gnoll, wielding a +0 flail (100% to hit)
The negative energy hits the gnoll!
The gnoll is drained!
The gnoll is almost dead.
You feel drained. The dart slug bites you.
You die...

* * , , , , ### , ,
....,... , * *
#..#*#.. ##..# #.#
# #...# #.#* #.# ,
, * # ###...###.#
.#.#. ,
..#......g#.##.....
,
,#........w@......#
, ,
...........#.....#
.####...##......###
,*
####..†###.#.#....
*
#..............##.
, *
*#.###..###)####...
, *# #>.# #†#** #
#..# #......# *
#..########.##


You could see a gnoll (very drained) and a dart slug.

Vanquished Creatures
  A dart slug (D:1)
  A bat (D:1)
  2 giant cockroaches (D:1)
  2 goblins (D:1)
  A kobold (D:1)
  A ball python (D:1)
  3 frilled lizards (D:1)
  A rat (D:1)
12 creatures vanquished.

Notes
Turn   | Place    | Note
-------+----------+-------------------------------------------
     0 | D:1      | hwolsky the Meteoran Reaver began the quest for the Orb.
     0 | D:1      | Reached XP level 1. HP: 17/17 MP: 5/5
    72 | D:1      | Reached XP level 2. HP: 11/23 MP: 6/6
   267 | D:1      | Slain by a dart slug

Illustrated notes

Levels and vault maps discovered:
D:1:      dpeg_arrival_rooms_c, layout_loops_ring, serial_shops, shop_coins,
          nicolae_wormholes

Skill      XL: |  1  2 |
---------------+-------+-----
Spellcasting   | 3 |  3.0
Fighting       | |  2.4
Long Blades    | |  3.8
Dodging        | |  2.7
Conjurations   | |  3.8

Action                     || total
---------------------------++-------
  Melee: Falchion          ||    44
         Punch             ||     2
   Cast: Kiss of Death     ||     4
    Use: Scroll            ||     1
 Armour: Leather armour    ||    11
  Dodge: Dodged            ||    28

Table legend: (Time is in decaauts)
 A = Elapsed time spent in this place.
 B = Non-inter-level travel time spent in this place.
 C = Inter-level travel time spent in this place.
 D = Time resting spent in this place.
 E = Time spent auto-exploring this place.
 F = Levels seen in this place.
 G = Mean time per level.
                   A        B        C        D        E       F      G
               +--------+--------+--------+--------+--------+-----+--------+
         Total |    272 |    272 |      0 |     48 |     76 |   1 |  272.0 |
       Dungeon |    272 |    272 |      0 |     48 |     76 |   1 |  272.0 |
               +--------+--------+--------+--------+--------+-----+--------+

Top non-repeatable levels by time:
     D:1: 272 daAuts
